 Dungeon Crawl Stone Soup version 0.31.0-1-g2c135a0 (webtiles) character file.

Game seed: 864431102160474141

173 brinewave the Magician (level 5, -9/38 HPs)
             Began as a Mummy Alchemist on Jan 26, 2024.
             Mangled by Edmund
             ... wielding a +3 dire flail of holy wrath
              (15 damage)
             ... on level 4 of the Dungeon.
             The game lasted 00:11:53 (3197 turns).

brinewave the Magician (Mummy Alchemist)            Turns: 3197, Time: 00:11:54

Health: -9/38      AC:  3    Str: 11    XL:     5   Next: 28%
Magic:  8/10       EV: 12    Int: 16    God:
Gold:   146        SH:  0    Dex: 13    Spells: 10/11 levels left

rFire   x . .        j - +0 whip (elec)
rCold   + . .        (no shield)
rNeg    + + +        a - +0 robe
rPois   ∞            (no helmet)
rElec   .            k - +0 cloak
rCorr   .            (no gloves)
SInv    .            (no boots)
Will    .....        (no amulet)
Stlth   ++           (no ring)
HPRegen 0.26/turn    (no ring)
MPRegen 0.12/turn

%: faith
@: no status effects
A: cold resistance 1, negative energy resistance 3, torment resistance 2, heat
vulnerability 1, in touch with death 1, no potions, faith
a: no special abilities


You were on level 4 of the Dungeon.
You visited 1 branch of the dungeon, and saw 5 of its levels.

You collected 146 gold pieces.

Inventory:

Hand Weapons
 b - a +0 dagger
 d - a +0 broad axe
 j - a +0 whip of electrocution (weapon)
 l - a +1 whip of flaming
Missiles
 e - 37 stones
 i - a throwing net
 m - 8 poisoned darts
Armour
 a - a +0 robe (worn)
 k - a +0 cloak (worn)
Scrolls
 c - a scroll of identify {unknown}
 f - a scroll of enchant armour {unknown}
 g - 2 scrolls of teleportation {unknown}
 h - a scroll of acquirement {unknown}


   Skills:
 + Level 1.6 Fighting
 + Level 2.2 Dodging
 - Level 1.5 Stealth
 + Level 3.5 Spellcasting
 * Level 2.3 Conjurations
 * Level 3.3 Alchemy


You had 10 spell levels left.
You knew the following spells:

 Your Spells              Type           Power      Damage    Failure   Level
a - Sting                 Conj/Alch      44%        1d5       5%          1

Your spell library contained the following spells:

 Spells                   Type           Power      Damage    Failure   Level
 Mercury Vapours          Alch/Air       16%        N/A       14%         2
 Mephitic Cloud           Conj/Alch/Air  8%         N/A       26%         3
 Olgreb's Toxic Radiance  Alch           13%        N/A       41%         4
 Sticky Flame             Fire/Alch      8%         2d4       65%         4


Dungeon Overview and Level Annotations

Branches:
Dungeon (5/15)
 Temple: D:4-7

Altars:

Annotations:
D:4 Edmund


Innate Abilities, Weirdness & Mutations

You are immune to poison.
Your flesh is cold resistant. (rC+)
You are immune to negative energy. (rN+++)
You are immune to unholy pain and torment.
You are vulnerable to heat. (rF-)
You are in touch with the powers of death.
You do not drink.
You have a special connection with the divine. (Faith)


Message History

Okay, then.
Edmund zaps a wand.
The puff of flame hits you! The fire burns you terribly!
Aiming: Sting (safe; 5% risk of failure)
Press: ? - help, Q - select action, (/) - cycle Shift-Dir - straight line, f - you
Okay, then.
You climb upwards.
There is a stone staircase leading down here.
You start resting.
HP restored.
There's nothing to close nearby.
You climb downwards.
You hear the sound of rushing water.
There is an entrance to a sewer on this level.
Hurry and find it before the portal rusts away!
Level annotation: Edmund You hear the slow rusting of a drain very nearby.
There is a stone staircase leading up here.
Unknown command.
Edmund hits you with a +3 dire flail of holy wrath.
You convulse.
You climb upwards.
There is a stone staircase leading down here.
Aiming: Sting (safe; 5% risk of failure)
Press: ? - help, Q - select action, (/) - cycle Shift-Dir - straight line, f - Edmund
Aim: Edmund, wielding a +3 dire flail of holy wrath, wearing a +0 leather armour and carrying a wand of flame (71% to hit)
The sting hits Edmund.
Edmund is poisoned.
Edmund is lightly wounded.
Edmund zaps a wand.
The puff of flame hits you! The fire burns you terribly!
Aiming: Sting (safe; 5% risk of failure)
Press: ? - help, Q - select action, (/) - cycle Shift-Dir - straight line, f/p - Edmund
Aim: Edmund, wielding a +3 dire flail of holy wrath, wearing a +0 leather armour and carrying a wand of flame (lightly wounded, poisoned, 71% to hit)
The sting hits Edmund.
Edmund looks even sicker.
Edmund is lightly wounded.
Edmund hits you with a +3 dire flail of holy wrath!
* * * LOW HITPOINT WARNING * * *
You convulse.
* * * LOW HITPOINT WARNING * * *
Edmund attacks as he pursues you!
Edmund hits you with a +3 dire flail of holy wrath!
You die...
Edmund whines, "They better pay attention to me now!"

>..###...###...................#<
...# #...# #.#...#.#...........##
...###...###.#...####............
.............##....#...........##
#............##........#.###...#
#............#.........#####...#
#..###...###........##........##
#..# #...# #.....@...#.......##
#..###...###....@....#......##
##...................#.......#
####........#...##.##......##
##########.############## ###


You could see Edmund (very poisoned).

Vanquished Creatures
  Robin (D:4)
  4 adders
  4 gnolls
  2 ufetubi (D:3)
  A dart slug (D:2)
  A ribbon worm (D:2)
  5 ball pythons
  3 endoplasms
  11 hobgoblins
  8 jackals
  4 kobolds
  5 quokkas
  A bat (D:3)
  4 frilled lizards
  15 goblins
  3 rats
72 creatures vanquished.

Notes
Turn   | Place    | Note
-------+----------+-------------------------------------------
     0 | D:1      | brinewave the Mummy Alchemist began the quest for the Orb.
     0 | D:1      | Reached XP level 1. HP: 13/13 MP: 4/4
   138 | D:1      | Reached skill level 1 in Conjurations
   213 | D:1      | Reached XP level 2. HP: 20/20 MP: 2/5
   261 | D:1      | HP: 1/20 [hobgoblin (3)]
   880 | D:2      | Reached XP level 3. HP: 23/25 MP: 5/7
   949 | D:2      | Noticed a phantom
  1070 | D:3      | Reached skill level 1 in Fighting
  1772 | D:3      | Reached XP level 4. HP: 12/32 MP: 4/8
  2336 | D:4      | Noticed Robin
  2503 | D:4      | Reached XP level 5. HP: 31/37 MP: 6/10
  2941 | D:4      | Killed Robin
  3061 | D:5      | Entered Level 5 of the Dungeon
  3065 | D:5      | Noticed an ice beast
  3098 | D:5      | Noticed Edmund
  3197 | D:4      | Mangled by Edmund

Illustrated notes

Levels and vault maps discovered:
D:1:      lemuel_arrival_rhombus, layout_basic, minmay_statues_item
D:2:      layout_basic, minmay_misc_feat_rows
D:3:      layout_rooms, nicolae_elevator_lobby_asterisk
D:4:      layout_cave_pools, corexii_leaking_fountain, columned_hall_lemuel,
          glass_columns_a, minmay_misc_feat_cross, uniq_robin
D:5:      layout_cave_pools, gup_sewer_entry_glass, cheibrodos_gnoll_hut,
          uniq_duvessa, uniq_edmund

Skill      XL: |  1  2  3  4 |
---------------+-------------+-----
Conjurations   | 1 2 |  2.3
Fighting       | 1 |  1.6
Spellcasting   | 3 |  3.5
Dodging        | 2 |  2.2
Alchemy        | 3 |  3.3
Stealth        | |  1.5

Action                     |  1- 3 |  4- 6 || total
---------------------------+-------+-------++-------
  Melee: Dagger            |    50 |     4 ||    54
         Punch             |     1 |     1 ||     2
         Whip              |       |    29 ||    29
   Cast: Sting             |    63 |    44 ||   107
   Stab: Sleeping          |     1 |     1 ||     2
 Armour: Robe              |    65 |    56 ||   121
  Dodge: Dodged            |    78 |    45 ||   123
